 Dungeon Sprint DCSS version 0.27.1-33-g824d729ab1 (webtiles) character file.

Game seed: 8166683496810755468

21701 manyhoops the Executioner (level 12, -9/130 HPs)
             Began as a Deep Dwarf Berserker on Nov 28, 2021.
             Was the Champion of Trog.
             Killed from afar by Tiamat (15 damage)
             ... with a bolt of lightning
             ... in the Dungeon (Sprint I: "Red Sonja").
             The game lasted 00:15:49 (2469 turns).

manyhoops the Executioner (Deep Dwarf Berserker)    Turns: 2469, Time: 00:15:50

Health: -9/130     AC: 34    Str: 24    XL:     12   Next: 56%
Magic:  0/3 (11)   EV:  8    Int: 10    God:    Trog [******]
Gold:   393        SH:  0    Dex: 12    Spells: 24/24 levels left

rFire    . . .     SeeInvis .   n - +8 executioner's axe (antimagic)
rCold    + . .     Faith    .   (shield currently unavailable)
rNeg     + + .     Spirit   +   s - +3 plate armour "Diedong" {rN+ Slay+3}
rPois    +         Reflect  .   o - +2 hat of the Bear Spirit {Spirit, +Rage rN+ Will++}
rElec    .         Harm     .   A - +2 cloak {rPois}
rCorr    .         Rampage  .   y - +2 pair of gloves {archery}
Will     +++..     NoTele   +   (no boots)
Stlth    ..........             (no amulet)
HPRegen  0.00/turn              v - +4 ring of protection
MPRegen  0.08/turn              k - ring of protection from cold

@: on berserk cooldown, hasted and slowed
A: damage resistance, heal wounds, sense surroundings 2, no regeneration
a: Heal Wounds, Renounce Religion, Evoke Berserk Rage, Berserk, Trog's Hand,
Brothers in Arms


You were in the Dungeon.
You worshipped Trog.
Trog was exalted by your worship.
You visited 1 branch You collected 3249 gold pieces.
You spent 2856 gold pieces at shops.

Inventory:

Hand Weapons
 b - the +7 broad axe "Woemoc" {vorpal, +Rage rElec rC+ Will-}
   (You bought it in a shop in the Dungeon)

   It inflicts extra damage upon your enemies.
   rC:        It protects you from cold.
   rElec:     It insulates you from electricity.
   +Rage:     It lets you go berserk.
   Will:      It decreases your willpower.
 n - a +8 antimagic executioner's axe (weapon)
 r - a +7 antimagic broad axe
 z - a +1 executioner's axe of flaming
Armour
 a - a +0 buckler
 o - the +2 hat of the Bear Spirit (worn) {Spirit, +Rage rN+ Will++}
   (You bought it in a shop in the Dungeon)

   rN:        It protects you from negative energy.
   +Rage:     It lets you go berserk.
   Will:      It greatly increases your willpower.
 s - the +3 plate armour "Diedong" (worn) {rN+ Slay+3}
   (You found it in the Dungeon)

   Slay:      It affects your accuracy & damage with ranged weapons and melee
   (+3).
   rN:        It protects you from negative energy.
 y - a +2 pair of gloves of archery (worn)
 A - a +2 cloak of poison resistance (worn)
Jewellery
 k - a ring of protection from cold (right hand)
 v - a +4 ring of protection (left hand)
 G - a ring of flight
Wands
 i - a wand of polymorph (7)
 l - a wand of acid (11)
 q - a wand of iceblast (12)
 I - a wand of digging (1)
Scrolls
 h - 3 scrolls of blinking
 m - 2 scrolls of immolation
 p - a scroll of torment
 u - a scroll of enchant armour
 B - a scroll of vulnerability
 E - a scroll of fear
 J - a scroll of holy word
 K - a scroll of amnesia
Potions
 c - 8 potions of curing
 d - a potion of heal wounds
 e - 2 potions of haste
 f - 2 potions of magic
 g - a potion of berserk rage
 j - a potion of brilliance
 w - 2 potions of ambrosia
 x - a potion of degeneration
 F - a potion of flight {unknown}
 H - a potion of resistance
Miscellaneous
 t - a phantom mirror


   Skills:
 + Level 15.1 Fighting
 - Level 21.8 Axes
 + Level 16.7 Armour
 - Level 2.1 Dodging
 - Level 5.6 Shields
 - Level 6.8 Spellcasting


You had 24 spell levels left.
You didn't know any spells.
Your spell library was empty.

Dungeon Overview and Level Annotations

Branches:
Dungeon (1/1)

Altars:
Cheibriados
Dithmenos
Elyvilon
Fedhas
Gozag
Hepliaklqana
Kikubaaqudgha
Makhleb
Nemelex Xobeh
Okawaru
Qazlal
Ru
Sif Muna
Trog
Uskayaw
Vehumet
Wu Jian
Xom
Yredelemnul
Zin
The Shining One
Jiyva
Lugonu

Shops:
D (*=![(*!((*(:*([[?

Annotations:
D Tiamat


Innate Abilities, Weirdness & Mutations

You are resistant to damage.
You can heal yourself by infusing magical energy.
You passively map the area around you.
You do not regenerate.


Message History

Tiamat hits you with a +2 antimagic glaive!
Tiamat tail-slaps you but does no damage.
Unknown command.
You hit Tiamat but do no damage.
Tiamat is lightly wounded.
Tiamat hits you but does no damage. Tiamat tail-slaps you.
Unknown command.
You feel much better. Tiamat breathes fire at you.
The searing blast misses you.
Your cyclops goes berserk!
Tiamat hits you with a +2 antimagic glaive!
Tiamat tail-slaps you!
Your stone giant goes berserk!
You are no longer corroded.
Tiamat hits you but does no damage. Tiamat tail-slaps you!
You feel much better. Tiamat hits you but does no damage.
Tiamat barely misses you.
You feel much better. Tiamat breathes fire at you.
The searing blast hits you!!!
Ouch! That really hurt!
* * * LOW HITPOINT WARNING * * *
Your stone giant hits Tiamat!!
You feel much better.
Your stone giant closely misses Tiamat.
Tiamat hits you with a +2 antimagic glaive!
* * * LOW HITPOINT WARNING * * *
Tiamat tail-slaps you!
* * * LOW HITPOINT WARNING * * *
You swap places.
Your stone giant hits Tiamat!!!
Your cyclops closely misses Tiamat.
Your stone giant misses Tiamat.
Tiamat hits you from afar with a +2 antimagic glaive!
* * * LOW HITPOINT WARNING * * *
Unknown command.
Your stone giant hits Tiamat but does no damage.
Your cyclops hits Tiamat!! Tiamat breathes lightning at you.
The bolt of lightning hits your cyclops!!!
The bolt of lightning hits you!!
You die...

'.....')∩##.#, , ##...# ≈..#
###########.# + , * ###.#,≈
# ##.......##.# , , #.#* #
.#........'.# , #.# ' #
.#++.######.#, +, ####)# '
.#.....§.§#.#####,
,###..).#, ≈
##.......#§.#..)#####.).####
*≈ (.......≈####.........###
, .......≈≈##.(...@.##### ,
* .....≈≈≈###)[....## ,^ '≈
..≈≈≈≈### #...CC## , ^ * ,
######'####....d# ^ ^ , ,
#######∩∩######.# * * ,,
∩∩∩∩∩∩∩∩###≈≈≈≈≈≈≈≈. ^ , *
######### #####.#### , ,,
#..0..+ ,, , , ####### * **
*** **


You could see Tiamat (catching breath, ally target), a friendly stone giant
(summoned, berserk) and a friendly cyclops (summoned, berserk).

Vanquished Creatures
  the Lernaean hydra (D)
  A golden dragon (D)
  A shadow dragon (D)
  4 fire giants (D)
  A hydra (D)
  2 centaur warriors (D)
  A deep troll (D)
  A lindwurm (D)
  An oklob plant (D)
  A gargoyle (D)
  7 unseen horrors (D)
  A hellwing (D)
  2 kobold demonologists (D)
  4 demonic crawlers (D)
  2 hornets (D)
  A slime creature (D)
  Sigmund (D)
  A yak (D)
  2 redbacks (D)
  13 hogs (D)
  A basilisk (D)
  3 floating eyes (D)
  An ogre (D)
  7 necrophages (D)
  8 jellies (D)
  Ijyb (D)
69 creatures vanquished.

Vanquished Creatures (others)
  A deep elf master archer (D)
  2 merfolk sirens (D)
  3 hornets (D)
  2 ballistomycete spores (D)
8 creatures vanquished.

Grand Total: 77 creatures vanquished

Notes
Turn   | Place    | Note
-------+----------+-------------------------------------------
     0 | D        | manyhoops the Deep Dwarf Berserker began the quest for the
                  | Orb.
     0 | D        | Reached XP level 1. HP: 20/20 MP: 1/1
     1 | D        | Noticed Ijyb
     8 | D        | Killed Ijyb
     9 | D        | Reached skill level 7 in Axes
     9 | D        | Reached XP level 2. HP: 27/27 MP: 2/2
    62 | D        | Noticed an ogre
    69 | D        | Killed an ogre
    70 | D        | Reached skill level 10 in Axes
    70 | D        | Reached XP level 3. HP: 6/33 MP: 3/3
    70 | D        | Reached XP level 4. HP: 7/40 MP: 4/4
   109 | D        | Noticed Sigmund
   116 | D        | Killed Sigmund
   116 | D        | Reached ** piety under Trog
   117 | D        | Reached XP level 5. HP: 46/46 MP: 4/14
   117 | D        | Reached XP level 6. HP: 55/55 MP: 4/15
   196 | D        | Found an ornate altar of the Wu Jian Council.
   196 | D        | Found a shimmering blue altar of Sif Muna.
   198 | D        | Found a radiant altar of Vehumet.
   330 | D        | Found Qurron's General Store.
   330 | D        | Found an ancient bone altar of Kikubaaqudgha.
   330 | D        | Found a hazy altar of Hepliaklqana.
   330 | D        | Found a stormy altar of Qazlal.
   330 | D        | Found a hide-covered altar of Uskayaw.
   330 | D        | Found a blossoming altar of Fedhas.
   330 | D        | Found a bloodstained altar of Trog.
   330 | D        | Found an iron altar of Okawaru.
   330 | D        | Found a basalt altar of Yredelemnul.
   330 | D        | Found a glowing golden altar of the Shining One.
   330 | D        | Found a snail-covered altar of Cheibriados.
   330 | D        | Found a sacrificial altar of Ru.
   330 | D        | Found a glowing silver altar of Zin.
   330 | D        | Found a shadowy altar of Dithmenos.
   330 | D        | Found a white marble altar of Elyvilon.
   330 | D        | Noticed a yak
   338 | D        | Killed a yak
   339 | D        | Reached skill level 12 in Axes
   339 | D        | Found an opulent altar of Gozag.
   340 | D        | Found a sparkling altar of Nemelex Xobeh.
   364 | D        | Bought a +1 chain mail of cold resistance for 198 gold
                  | pieces
   393 | D        | Found a burning altar of Makhleb.
   393 | D        | Found a viscous altar of Jiyva.
   393 | D        | Found a shimmering altar of Xom.
   393 | D        | Found a corrupted altar of Lugonu.
   393 | D        | Noticed a slime creature
   403 | D        | Killed a slime creature
   404 | D        | Reached XP level 7. HP: 69/69 MP: 17/17
   463 | D        | Noticed Sonja
   464 | D        | Noticed Sonja
   464 | D        | Sonja changed into Sonja the basilisk
   491 | D        | Killed Sonja the basilisk
   492 | D        | Reached skill level 13 in Axes
   549 | D        | Found Qematir's Antique Weapon Boutique.
   569 | D        | Noticed a deep troll
   580 | D        | Killed a deep troll
   581 | D        | Reached skill level 14 in Axes
   581 | D        | Reached XP level 8. HP: 50/81 MP: 17/17
   594 | D        | Found Bion's Armour Emporium.
   598 | D        | Bought a +0 pair of gloves for 45 gold pieces
   598 | D        | Bought the +2 hat of the Bear Spirit {Spirit, +Rage rN+
                  | Will++} for 391 gold pieces
   598 | D        | Found the +2 hat of the Bear Spirit {Spirit, +Rage rN+
                  | Will++}
   831 | D        | Noticed a centaur warrior
   831 | D        | Noticed a centaur warrior
   843 | D        | Killed a centaur warrior
   844 | D        | Reached skill level 15 in Axes
   849 | D        | Killed a centaur warrior
   849 | D        | Reached *** piety under Trog
   850 | D        | Reached skill level 16 in Axes
   850 | D        | Gained mutation: You passively map the area around you.
                  | [Deep Dwarf growth]
   850 | D        | Reached XP level 9. HP: 93/93 MP: 0/14
   898 | D        | Paralysed by a hornet for 2 turns
  1051 | D        | Noticed an oklob plant
  1069 | D        | Killed an oklob plant
  1070 | D        | Reached skill level 10 in Fighting
  1117 | D        | Reached skill level 10 in Armour
  1119 | D        | Reached **** piety under Trog
  1167 | D        | Reached ***** piety under Trog
  1234 | D        | Killed an unseen horror
  1235 | D        | Reached skill level 17 in Axes
  1235 | D        | Reached XP level 10. HP: 99/103 MP: 0/14
  1241 | D        | Received a gift from Trog
  1296 | D        | Identified the +3 plate armour "Diedong" {rN+ Slay+3}
  1323 | D        | Found Wiheyzy's Distillery.
  1323 | D        | Found Petuunu's Jewellery Shop.
  1323 | D        | Found Jogukuso's Antique Armour Boutique.
  1325 | D        | Found Asotaugi's Antique Weapon Emporium.
  1325 | D        | Found Qinootom's General Store.
  1325 | D        | Found Tewnakhu's Distillery.
  1325 | D        | Found Wewn's Weapon Boutique.
  1325 | D        | Found Han Sun's Antique Weapon Emporium.
  1325 | D        | Found Loiprinn's Assorted Antiques.
  1325 | D        | Found Humeirum's Weapon Shoppe.
  1354 | D        | Found Atyebeec's Book Boutique.
  1355 | D        | Found Fihovuo's Antique Weapon Emporium.
  1355 | D        | Found Luzot's Assorted Antiques.
  1356 | D        | Bought a scroll of identify for 28 gold pieces
  1356 | D        | Found Boach's Antique Armour Emporium.
  1357 | D        | Bought a potion of haste for 130 gold pieces
  1357 | D        | Bought a potion of heal wounds for 65 gold pieces
  1359 | D        | Bought a jewelled broad axe for 207 gold pieces
  1359 | D        | Identified the +7 broad axe "Woemoc" {vorpal, +Rage rElec
                  | rC+ Will-} (You bought it in a shop in the Dungeon)
  1361 | D        | Bought a scroll of identify for 52 gold pieces
  1361 | D        | Bought a scroll labelled XIAVEW ROTUYPP for 26 gold pieces
  1361 | D        | Bought a golden ring for 130 gold pieces
  1361 | D        | Bought 2 sapphire potions for 46 gold pieces
  1361 | D        | Bought a murky blue potion for 23 gold pieces
  1365 | D        | Bought a pair of glowing gloves for 165 gold pieces
  1447 | D        | Bought a +0 buckler for 45 gold pieces
  1464 | D        | Bought a scroll of identify for 24 gold pieces
  1464 | D        | Bought a scroll of identify for 24 gold pieces
  1464 | D        | Bought a scroll of identify for 24 gold pieces
  1485 | D        | Received a gift from Trog
  1491 | D        | Reached ****** piety under Trog
  1492 | D        | Reached skill level 5 in Shields
  1542 | D        | Reached skill level 18 in Axes
  1546 | D        | Received a gift from Trog
  1576 | D        | Noticed a lindwurm
  1579 | D        | Killed a lindwurm
  1596 | D        | Reached skill level 19 in Axes
  1602 | D        | Received a gift from Trog
  1608 | D        | Reached XP level 11. HP: 74/111 MP: 0/14
  1616 | D        | Reached skill level 20 in Axes
  1623 | D        | Received a gift from Trog
  1636 | D        | Noticed a 12-headed hydra
  1639 | D        | Killed a nine-headed hydra
  1639 | D        | Paralysed by a floating eye for 3 turns
  1688 | D        | Noticed the 27-headed Lernaean hydra
  1701 | D        | Killed the 22-headed Lernaean hydra
  1702 | D        | Reached skill level 21 in Axes
  1794 | D        | Noticed a shadow dragon
  1795 | D        | Noticed a golden dragon
  1824 | D        | Killed a shadow dragon
  1892 | D        | Killed a golden dragon
  1892 | D        | Received a gift from Trog
  1960 | D        | Found Igairr's Magic Scroll Shoppe.
  1982 | D        | Bought a scroll of enchant weapon for 82 gold pieces
  1982 | D        | Bought a scroll of blinking for 82 gold pieces
  1982 | D        | Bought a scroll of enchant weapon for 82 gold pieces
  1982 | D        | Bought a scroll of fear for 38 gold pieces
  2001 | D        | Noticed a deep elf annihilator
  2018 | D        | Reached XP level 12. HP: 93/126 MP: 0/14
  2038 | D        | Noticed a daeva
  2073 | D        | Noticed a fire giant
  2088 | D        | Killed a fire giant
  2088 | D        | Received a gift from Trog
  2089 | D        | Reached skill level 15 in Armour
  2132 | D        | Noticed a fire giant
  2132 | D        | Noticed a fire giant
  2152 | D        | Killed a fire giant
  2165 | D        | Killed a fire giant
  2188 | D        | Noticed a fire giant
  2196 | D        | Killed a fire giant
  2197 | D        | Reached skill level 15 in Fighting
  2235 | D        | Found the +4 dragonskin cloak
  2235 | D        | Noticed Tiamat
  2325 | D        | Bought a ring of flight for 192 gold pieces
  2326 | D        | Bought a potion of resistance for 110 gold pieces
  2326 | D        | Bought 2 potions of haste for 220 gold pieces
  2333 | D        | Bought a potion of heal wounds for 130 gold pieces
  2337 | D        | Killed a deep elf master archer
  2338 | D        | Bought an encrusted silver wand for 88 gold pieces
  2338 | D        | Bought a scroll labelled BUGEORAUB KUUB for 22 gold pieces
  2338 | D        | Bought a scroll labelled QOMEIB DYEF for 22 gold pieces
  2350 | D        | Bought a potion of curing for 33 gold pieces
  2350 | D        | Bought a potion of curing for 33 gold pieces
  2350 | D        | Bought a potion of curing for 33 gold pieces
  2350 | D        | Bought a potion of curing for 33 gold pieces
  2350 | D        | Bought a potion of curing for 33 gold pieces
  2468 | D        | HP: 6/130 [Tiamat (12)]
  2469 | D        | Killed from afar by Tiamat

Illustrated notes

Levels and vault maps discovered:
D:        dungeon_sprint_1 [red_sonja_temple_1, red_sonja_temple_small_1]

Skill      XL: |  1  2  3  4  5  6  7  8  9 10 11 12 |
---------------+-------------------------------------+-----
Axes           | 7 10 12 14 16 17 19 21 | 21.8
Spellcasting   | 6 |  6.8
Fighting       | 6 7 9 10 11 13 15 | 15.1
Armour         | 4 6 9 10 11 14 16 | 16.7
Shields        | 5 |  5.6
Dodging        | |  2.1

Action                   |  1- 3 |  4- 6 |  7- 9 | 10-12 || total
-------------------------+-------+-------+-------+-------++-------
Melee: Hand axe          |    11 |    22 |   102 |    11 ||   146
       Broad axe         |       |       |       |    40 ||    40
       Executioner's axe |       |       |       |   115 ||   115
Invok: Berserk           |     2 |     4 |     7 |    10 ||    23
       Brothers in Arms  |       |       |       |     2 ||     2
 Abil: Heal Wounds       |       |     3 |    11 |    28 ||    42
Evoke: Wand              |       |       |     1 |     1 ||     2
  Use: Scroll            |       |       |       |    12 ||    12
       Potion            |       |       |       |     5 ||     5
Armor: Chain mail        |       |     1 |    64 |    44 ||   109
       Leather armour    |       |     1 |       |       ||     1
       Plate armour      |       |       |       |   249 ||   249
Dodge: Dodged            |     2 |     2 |    32 |    60 ||    96
Block: Buckler           |       |       |       |     8 ||     8
